 Dungeon Crawl Stone Soup version 0.30-a0-782-ge64f9170bb (webtiles) character file.

Game seed: 2414527506744996738

11479 Crownlay the Transmogrifier (level 11, -2/70 HPs)
             Began as an Octopode Transmuter on Feb 26, 2023.
             Was a Follower of Ashenzari.
             Slain by an elephant (12 damage)
             ... on level 1 of the Lair of Beasts.
             The game lasted 00:28:27 (12866 turns).

Crownlay the Transmogrifier (Octopode Transmuter)  Turns: 12866, Time: 00:28:27

Health: -2/70      AC:  2    Str: 10    XL:     11   Next: 78%
Magic:  18/19      EV: 30    Int: 25    God:    Ashenzari [*.....]
Gold:   630        SH:  0    Dex: 18    Spells: 11/21 levels left

rFire   . . .      SeeInvis .      - Unarmed
rCold   . . .      Faith    .    (shield currently unavailable)
rNeg    + + .      Spirit   .    (helmet currently unavailable)
rPois   x          Reflect  .    I - amulet of the acrobat
rElec   .          Harm     .    b - ring "Ruined With Me" {rN+, Comp, Elem} (curse)
rCorr   .          Rampage  .    r - ring of positive energy
Will    +....                    s - ring of the Chained Gnosis {EV+5, Alch, Cun} (curse)
Stlth   +++++                    u - ring "Bound With Me" {Int+6, Comp, Cun} (curse)
HPRegen 0.31/turn                H - ring of flight
MPRegen 0.16/turn                G - ring of willpower
                                 (no ring)
                                 (no ring)

@: spider-form, wereblooded, flying
A: venomous fangs, almost no armour, (amphibious), 8 rings, tiny, (camouflage
1), (gelatinous body 1), (nimble swimmer 1), (tentacles)
a: End Transformation, Renounce Religion, Shatter the Chains


You were on level 1 of the Lair of Beasts.
You worshipped Ashenzari.
Ashenzari was aware of your devotion.
You were a venomous arachnid creature.
You visited 3 branches of the dungeon, and saw 13 of its levels.

You collected 630 gold pieces.

Inventory:

Hand Weapons
 w - a +9 spear of flaming
 z - the +6 shillelagh "Devastator" {shatter}
   (You found it on level 6 of the Dungeon)
Jewellery
 b - the cursed ring "Ruined With Me" (left front pincers) {rN+, Comp, Elem}
   (You found it on level 1 of the Dungeon)

   [ring of positive energy]

   rN:        It protects you from negative energy.
   It has a curse which improves the following skills: Companions: Summonings
   and Necromancy.
   Elements:  Fire Magic, Ice Magic, Air Magic and Earth Magic.
 r - a ring of positive energy (right front pincers)
 s - the cursed ring of the Chained Gnosis (on tentacle) {EV+5, Alch, Cun}
   (You found it on level 4 of the Dungeon)

   [ring of evasion]

   EV:        It affects your evasion (+5).
   It has a curse which improves the following skills: Alchemy: Poison Magic and
   Transmutations.
   Cunning:   Dodging and Stealth.
 u - the cursed ring "Bound With Me" (on tentacle) {Int+6, Comp, Cun}
   (You found it on level 5 of the Dungeon)

   [ring of intelligence]

   Int:       It affects your intelligence (+6).
   It has a curse which improves the following skills: Companions: Summonings
   and Necromancy.
   Cunning:   Dodging and Stealth.
 G - a ring of willpower (on tentacle)
 H - a ring of flight (on tentacle)
 I - an amulet of the acrobat (around neck)
Wands
 d - a wand of polymorph (8)
 q - a wand of flame (4)
 D - a wand of iceblast (13)
 F - a wand of mindburst (6)
Scrolls
 e - a scroll of fear
 f - 2 scrolls of enchant armour
 h - a scroll of vulnerability
 m - a scroll of noise
 p - a scroll of fog
 t - a scroll of poison
 v - a scroll of teleportation
 x - a scroll of immolation
 y - a scroll of blinking
 B - a scroll of magic mapping
 E - a scroll of amnesia
Potions
 a - 2 potions of lignification
 c - a potion of haste
 g - a potion of flight
 i - 3 potions of brilliance
 k - a potion of might
 l - a potion of invisibility
 n - a potion of curing
 o - 3 potions of attraction
 A - 2 potions of berserk rage
 C - 8 potions of ambrosia


   Skills:
 * Level 4.8 Fighting
 + Level 6.0(7.3) Dodging
 - Level 10.0(11.2) Stealth
 * Level 9.0 Unarmed Combat
 + Level 5.9 Spellcasting
 + Level 2.4 Conjurations
 + Level 0.9(1.7) Summonings
 - Level 10.0(10.8) Transmutations
 - Level 4.7(5.5) Earth Magic


You had 11 spell levels left.
You knew the following spells:

 Your Spells              Type           Power      Damage    Failure   Level
a - Beastly Appendage     Tmut           100%       N/A       1%          1
b - Wereblood             Tmut           57%        N/A       1%          2
c - Spider Form           Tmut/Pois      34%        N/A       9%          3
d - Ice Form              Ice/Tmut       34%        N/A       21%         4

Your spell library contained the following spells:

 Spells                   Type           Power      Damage    Failure   Level
 Passwall                 Tmut/Erth      40%        N/A       3%          2
 Sandblast                Erth           70%        2d15      4%          1
 Summon Small Mammal      Summ           60%        N/A       12%         1
 Stone Arrow              Conj/Erth      54%        3d10      13%         3
 Necrotise                Necr           32%        1d5       19%         1
 Apportation              Tloc           14%        N/A       21%         1
 Lesser Beckoning         Tloc           14%        N/A       28%         2
 Frozen Ramparts          Ice            14%        1d3       43%         3
 Gell's Gravitas          Tloc           7%         N/A       43%         3
 Teleport Other           Tloc           7%         N/A       43%         3
 Alistair's Intoxication  Tmut/Pois      22%        N/A       43%         5
 Summon Ice Beast         Ice/Summ       11%        N/A       67%         4


Dungeon Overview and Level Annotations

Branches:
Dungeon (11/15)            Temple (1/1) D:5            Lair (1/5) D:10
    Orc: D:9-12

Altars:
Ashenzari
Cheibriados
Dithmenos
Elyvilon
Fedhas
Gozag
Hepliaklqana
Kikubaaqudgha
Makhleb
Nemelex Xobeh
Okawaru
Qazlal
Ru
Sif Muna
Trog
Uskayaw
Vehumet
Wu Jian
Xom
Yredelemnul
Zin
The Shining One

Shops:
D:2 [

Annotations:
D:11 exclusion: kobold brigand


Innate Abilities, Weirdness & Mutations

You are a venomous arachnid creature.
You have venomous fangs.
You are tiny and dextrous.
Your spellcasting is less reliable in this form.
Your armour is entirely melded.
You are incapable of wielding weapons or throwing items.
You cannot wear most types of armour.
((You are amphibious.))
You can wear up to eight rings at the same time.
((Your skin changes colour to match your surroundings (Stealth+).))
((Your rubbery body absorbs attacks. (AC +1, EV +1)))
((You are camouflaged when in or above water. (Stealth+)))
((You have tentacles for arms and can constrict up to eight enemies at once.))


Message History

Your Unarmed Combat skill increases to level 9!
You hit the elephant but do no damage.
The elephant is poisoned.
You hiss as the wereblood boils in your veins!
The elephant tramples you!
You hold your ground!
The elephant barely misses you. The elephant completely misses you.
The elephant misses you.
You hit the elephant.
The elephant looks as sick as possible!
The elephant is lightly wounded.
You hiss as the wereblood boils in your veins!
The elephant misses you. x2
You bite the elephant!
The elephant looks as sick as possible!
The elephant is moderately wounded.
The elephant barely misses you. The elephant closely misses you.
The elephant misses you. The elephant closely misses you.
The elephant completely misses you.
The elephant splashes around in the water.
You bite the elephant!
The elephant looks as sick as possible!
The elephant is moderately wounded.
The elephant completely misses you. The elephant trunk-slaps you.
The elephant closely misses you. x2
You bite the elephant!
The elephant is severely wounded.
The elephant splashes around in the water.
The elephant trunk-slaps you. The elephant closely misses you.
The elephant misses you. The elephant tramples you!
You hold your ground!
The elephant closely misses you.
You bite the elephant!
The elephant looks as sick as possible!
The elephant is severely wounded.
The elephant tramples you!
* * * LOW HITPOINT WARNING * * *
You hold your ground!
The elephant completely misses you. The elephant closely misses you.
The elephant completely misses you. The elephant misses you.
The elephant trunk-slaps you.
* * * LOW HITPOINT WARNING * * *
Okay, then.
As you read the scroll of fear, it crumbles to dust.
You assume a fearsome visage.
The basilisk looks frightened!
The elephant resists with some effort.
The elephant looks frightened! x2
The elephant tramples you!
You die...

, ......~≈≈†#
*#.....~≈≈≈## ,
.....~≈≈≈≈≈# ,
.....~≈≈≈≈≈## *
..##..≈≈≈≈≈≈### *
.##..~~≈≈≈≈≈≈## *
.......~≈≈≈≈≈≈#
......YY≈##≈≈≈##
#....l.≈s###≈≈≈##
**#.....†Y##
##≈≈≈##
,......††# #≈≈≈≈#
* ........#
##≈≈≈## ........#
##≈≈≈# #.......#
#≈≈≈## , ,
........# #≈≈≈≈#
, ........#
##≈≈≈## ,,
........# ##≈≈≈#


You could see 3 elephants and a basilisk (fleeing).

Vanquished Creatures
  2 two-headed ogres
  An elephant (Lair:1)
  2 cane toads (Lair:1)
  An unseen horror (D:11)
  2 trolls
  A queen bee (D:10)
  Prince Ribbit (D:5)
  A shadow (D:10)
  Sigmund (D:3)
  3 wraiths
  11 yaks
  A wyvern (D:9)
  2 steam dragons
  An acid dragon (D:7)
  5 water moccasins
  5 orc warriors
  2 sky beasts
  3 black bears
  4 wolves (Lair:1)
  3 centaurs
  3 ogres (D:6)
  2 phantoms
  2 kobold brigands
  5 bullfrogs
  2 scorpions
  4 wights (D:5)
  29 killer bees (D:10)
  2 electric eels (Lair:1)
  2 howler monkeys (D:9)
  4 orc priests
  3 hounds
  A jelly (D:5)
  5 iguanas
  11 orc wizards
  A mummy (D:5)
  Robin (D:4)
  3 gnolls (D:6)
  9 adders
  A white imp (D:7)
  2 ufetubi
  2 worms (D:4)
  6 dart slugs
  15 orcs
  3 bats (D:2)
  4 endoplasms
  4 giant cockroaches
  12 goblins
  10 hobgoblins
  18 kobolds
  5 quokkas
  9 ball pythons
  6 frilled lizards
  A rat (D:2)
239 creatures vanquished.

Vanquished Creatures (others)
  A plant (Lair:1)
1 creature vanquished.

Grand Total: 240 creatures vanquished

Notes
Turn   | Place    | Note
-------+----------+-------------------------------------------
     0 | D:1      | Crownlay the Octopode Transmuter began the quest for the
                  | Orb.
     0 | D:1      | Reached XP level 1. HP: 13/13 MP: 3/3
   255 | D:1      | Reached XP level 2. HP: 18/18 MP: 3/5
   299 | D:1      | You fall into a shaft and drop 1 floor!
   776 | D:1      | Reached skill level 1 in Stealth
   921 | D:2      | Reached XP level 3. HP: 21/23 MP: 4/6
   924 | D:2      | Learned a level 2 spell: Wereblood
   928 | D:2      | Learned a level 3 spell: Spider Form
  1336 | D:2      | Found Usogh's Armour Emporium.
  1387 | D:2      | Reached XP level 4. HP: 28/28 MP: 6/8
  1643 | D:3      | Noticed Sigmund
  2036 | D:3      | Killed Sigmund
  2037 | D:3      | Reached XP level 5. HP: 17/33 MP: 2/10
  2037 | D:3      | Reached XP level 6. HP: 19/38 MP: 2/11
  2257 | D:3      | Found a shimmering blue altar of Sif Muna.
  2932 | D:4      | Learned a level 4 spell: Ice Form
  3115 | D:4      | Noticed Robin
  3297 | D:4      | Killed Robin
  3666 | D:4      | Noticed a water moccasin
  3679 | D:4      | Killed a water moccasin
  3680 | D:4      | Reached XP level 7. HP: 43/43 MP: 3/13
  4118 | D:5      | Entered Level 5 of the Dungeon
  4163 | D:5      | Reached skill level 5 in Transmutations
  4377 | D:5      | Noticed Prince Ribbit
  4506 | D:5      | Found a snail-covered altar of Cheibriados.
  4593 | D:5      | Reached XP level 8. HP: 48/48 MP: 10/14
  4616 | D:5      | Reached skill level 5 in Stealth
  4637 | D:5      | Killed Prince Ribbit
  4638 | D:5      | Reached skill level 5 in Unarmed Combat
  4900 | D:5      | Found a staircase to the Ecumenical Temple.
  4914 | Temple   | Entered the Ecumenical Temple
  5433 | D:6      | Noticed a wraith
  5538 | D:6      | HP: 2/48 [wraith (3)]
  5542 | D:6      | Killed a wraith
  5643 | D:6      | Reached skill level 1 in Earth Magic
  5657 | D:6      | Reached XP level 9. HP: 33/53 MP: 7/15
  5765 | D:6      | HP: 2/53 [steam dragon] (3)]
  6122 | D:6      | Found the +6 shillelagh "Devastator" {shatter}
  6534 | D:7      | Reached skill level 5 in Dodging
  6960 | D:6      | Reached XP level 10. HP: 22/58 MP: 3/16
  7309 | D:7      | Found a glowing golden altar of the Shining One.
  7310 | D:7      | Found an opulent altar of Gozag.
  7786 | D:7      | Found a white marble altar of Elyvilon.
  8057 | D:8      | Found a sacrificial altar of Ru.
  8524 | D:8      | Found a shadowy altar of Dithmenos.
  8525 | D:8      | Found a hazy altar of Hepliaklqana.
  8756 | D:8      | Found a shimmering altar of Xom.
  8756 | D:8      | Found an ornate altar of the Wu Jian Council.
  8971 | D:9      | HP: 1/69 [troll (7)]
  8973 | D:9      | Reached skill level 5 in Spellcasting
  9305 | D:9      | Found a broken altar of Ashenzari.
  9310 | D:9      | Became a worshipper of Ashenzari the Shackled
  9568 | D:9      | Noticed a two-headed ogre
  9579 | D:9      | Killed a two-headed ogre
  9580 | D:9      | Reached skill level 10 in Transmutations
 10177 | D:10     | Entered Level 10 of the Dungeon
 10523 | D:10     | Reached XP level 11. HP: 43/64 MP: 11/18
 10543 | D:10     | Reached skill level 10 in Stealth
 10731 | D:10     | Reached * piety under Ashenzari
 10768 | D:10     | Found a staircase to the Lair.
 11329 | D:10     | Reached skill level 1 in Conjurations
 11871 | D:11     | Noticed a two-headed ogre
 11882 | D:11     | Killed a two-headed ogre
 12078 | D:11     | Noticed a purple ugly thing
 12098 | D:11     | Noticed a manticore
 12173 | Lair:1   | Entered Level 1 of the Lair of Beasts
 12192 | Lair:1   | Noticed a death yak
 12589 | Lair:1   | Reached ** piety under Ashenzari
 12866 | Lair:1   | Slain by an elephant

Illustrated notes

Levels and vault maps discovered:
D:1:      matt_arrival_refuge, layout_loops_ring, minmay_misc_feat_nine_boxes
D:2:      layout_basic, serial_shops, shop_fountains, minmay_misc_feat_x,
          chequers_serial_rivers_micro_a
D:3:      layout_basic, nicolae_sif_muna_condensation, uniq_sigmund
D:4:      layout_cave_pools, uniq_robin
D:5:      cheibrodos_helix_gallery, layout_loops_ring, slow_altar_2,
          minmay_temple_entry_junction, uniq_prince_ribbit1
D:6:      layout_rooms, chequers_serial_rivers_room_a,
          dilly_guarded_unrand_devastator
D:7:      layout_gridville, mainiacjoe_overflow_alcove_2,
          gammafunk_temple_overflow_pools, corexii_hall_statues_x
D:8:      layout_loops_ring, riverfiend_overflow_shadow_ancestor,
          gammafunk_temple_overflow_statue, nicolae_ru_great_annihilating_truth,
          minmay_parallelograms
D:9:      layout_basic, kennysheep_little_box
D:10:     layout_loops_corners, lair_entry_dummy, special_room
          [special_room_bee]
D:11:     layout_loops_cross, nicolae_dithmenos_through_a_glass_darkly,
          uniq_harold
Temple:   jpeg_temple_clearing
Lair:1:   statuecave_lemuel, layout_hall_layers

Skill      XL: |  1  2  3  4  5  6  7  8  9 10 11 |
---------------+----------------------------------+-----
Stealth        | 1 3 4 6 8 9 10 | 10.0
Transmutations | 3 4 5 7 8 10 | 10.0
Spellcasting   | 3 4 5 |  5.9
Unarmed Combat | 4 5 6 7 9 |  9.0
Dodging        | 3 4 5 6 |  6.0
Earth Magic    | 1 3 4 |  4.7
Fighting       | 4 |  4.8
Conjurations   | 2 |  2.4
Summonings     | |  0.9

Action                     |  1- 3 |  4- 6 |  7- 9 | 10-12 || total
---------------------------+-------+-------+-------+-------++-------
  Melee: Unarmed           |    69 |   113 |   209 |   445 ||   836
         Constrict         |    18 |    17 |     6 |     3 ||    44
         Kick              |    17 |    18 |    12 |     1 ||    48
         Tentacles         |    12 |    10 |    17 |     2 ||    41
         Punch             |     3 |     3 |     3 |     1 ||    10
         Spear             |       |       |    25 |       ||    25
   Cast: Beastly Appendage |    28 |    20 |     9 |     4 ||    61
         Spider Form       |       |     9 |    23 |    37 ||    69
         Wereblood         |       |     6 |    13 |    29 ||    48
         Ice Form          |       |       |     1 |     5 ||     6
 Invoke: Curse Item        |       |       |       |     4 ||     4
         Shatter the Chain |       |       |       |     1 ||     1
  Evoke: Wand              |       |       |     7 |     4 ||    11
    Use: Potion            |       |     4 |     3 |     4 ||    11
         Scroll            |       |     3 |     9 |    10 ||    22
   Stab: Sleeping          |     3 |     6 |     3 |     4 ||    16
 Armour: Skin              |     2 |     9 |    15 |    27 ||    53
  Dodge: Dodged            |    54 |   117 |   264 |   498 ||   933

Table legend: (Time is in decaauts)
 A = Elapsed time spent in this place.
 B = Non-inter-level travel time spent in this place.
 C = Inter-level travel time spent in this place.
 D = Time resting spent in this place.
 E = Time spent auto-exploring this place.
 F = Levels seen in this place.
 G = Mean time per level.
                   A        B        C        D        E       F      G
               +--------+--------+--------+--------+--------+-----+--------+
         Total |  12777 |  12525 |    252 |    404 |   9728 |  13 |  982.8 |
       Dungeon |  11950 |  11716 |    234 |    398 |   9141 |  11 | 1086.4 |
        Temple |    144 |    127 |     17 |      0 |    114 |   1 |  144.0 |
          Lair |    681 |    681 |      0 |      6 |    473 |   1 |  681.0 |
               +--------+--------+--------+--------+--------+-----+--------+

Top non-repeatable levels by time:
    D:10: 1626 daAuts
     D:7: 1282 daAuts
     D:9: 1207 daAuts
     D:4: 1144 daAuts
     D:8: 1136 daAuts
     D:3: 1101 daAuts
     D:5: 1097 daAuts
     D:6: 1083 daAuts
     D:2: 1059 daAuts
     D:1: 866 daAuts
  Lair:1: 681 daAuts
    D:11: 346 daAuts
  Temple: 144 daAuts
